 Dungeon Crawl Stone Soup version 0.26.0-16-gc1dbca0489 (webtiles) character file.

Game seed: 11708943213004037011

410 Descartes the Conjurer (level 6, -13/32 HPs)
             Began as a Deep Elf Conjurer on Jan 20, 2021.
             Mangled by a red devil
             ... wielding a +0 trident
             ... summoned by a kobold demonologist
              (22 damage)
             ... on level 4 of the Dungeon.
             The game lasted 00:10:14 (5351 turns).

Descartes the Conjurer (Deep Elf Conjurer)          Turns: 5351, Time: 00:10:15

Health: -13/32     AC:  3    Str:  4    XL:     6   Next: 58%
Magic:  10/13      EV: 12    Int: 25    God:
Gold:   279        SH:  0    Dex: 13    Spells: 13/14 levels left

rFire    . . .     SeeInvis .   w - +2 spear (flame)
rCold    . . .     Faith    .   (no shield)
rNeg     . . .     Spirit   .   d - +0 leather armour (curse)
rPois    .         Reflect  .   (no helmet)
rElec    .         Harm     .   (no cloak)
rCorr    .         Rampage  .   (no gloves)
Will     .....                  (no boots)
Stlth    +.........             (no amulet)
HPRegen  0.10/turn              (no ring)
MPRegen  0.13/turn              (no ring)

@: very slow
A: low mp 1
a: no special abilities


You were on level 4 of the Dungeon.
You visited 1 branch of the dungeon, and saw 4 of its levels.

You collected 279 gold pieces.

Inventory:

Hand Weapons
 s - a +0 long sword
 t - a +0 dagger of protection
 w - a +2 spear of flaming (weapon)
 x - a +2 mace of protection
Missiles
 j - 28 sling bullets
 k - 53 stones
 m - 28 poisoned darts
 o - 59 arrows
 C - 15 bolts
Armour
 a - a +0 robe
 d - a cursed +0 leather armour (worn)
 B - a +0 tower shield
Wands
 E - a wand of disintegration (15)
Scrolls
 b - 3 scrolls of teleportation {unknown}
 c - a scroll of amnesia {unknown}
 e - 3 scrolls of noise {unknown}
 f - a scroll of enchant weapon {unknown}
 g - 3 scrolls of enchant armour {unknown}
 h - 9 scrolls of identify {unknown}
 i - 2 scrolls of remove curse {unknown}
 n - 3 scrolls of fear {unknown}
 r - a scroll of immolation {unknown}
 u - a scroll of fog {unknown}
 y - a scroll of blinking {unknown}
Potions
 l - 2 potions of curing {unknown}
 p - 4 potions of might {unknown}
 q - a potion of invisibility {unknown}
 v - 2 potions of heal wounds {unknown}
 z - 2 potions of lignification {unknown}
 A - a potion of haste {unknown}
 D - a potion of cancellation {unknown}


   Skills:
 + Level 4.2 Dodging
 + Level 4.2 Stealth
 * Level 1.6 Shields
 + Level 4.8 Spellcasting
 * Level 6.2 Conjurations


You had 13 spell levels left.
You knew the following spells:

 Your Spells              Type           Power        Failure   Level
a - Magic Dart            Conj           100%         1%          1

Your spell library contained the following spells:

 Spells                   Type           Power        Failure   Level
 Searing Ray              Conj           74%          1%          2
 Dazzling Flash           Conj/Hex       42%          12%         3
 Fulminant Prism          Conj/Hex       10%          38%         4
 Iskenderun's Mystic Bla  Conj/Tloc      21%          38%         4


Dungeon Overview and Level Annotations

Branches:
Dungeon (4/15)
 Temple: D:4-7

Altars:


Innate Abilities, Weirdness & Mutations

Your magical capacity is low. (-10% MP)


Message History

The kobold demonologist mumbles some strange words.
There is a transporter landing site here.
The crimson imp blinks!
The shadow imp sputters.
The red devil hits you from afar with a +0 trident!
You enter the shallow water.
Moving in this stuff is going to be slow.
The shadow imp lashes its tail.
The red devil hits you from afar with a +0 trident!
* * * LOW HITPOINT WARNING * * *
Casting: Magic Dart (safe; 1% risk of failure)
Confirm with . or Enter, or press ? or * to list all spells.
Aiming: Magic Dart (safe; 1% risk of failure)
Press: ? - help, Shift-Dir - straight line, f - red devil, p - kobold demonologist
Aim: a red devil, wielding a +0 trident (summoned, 0% to evade)
The magic dart hits the red devil.
The red devil is moderately wounded.
The red devil hits you from afar with a +0 trident!!
Ouch! That really hurt!
You die...

#.......##
#.#......#####
#.#..........#
#.##.)...###.##
#.###...###..(#####
#.# ##......©.....#
##.# ##)#########.#
..#.####.#8≈.©.≈8#.#
##.##....#≈..54.@#.#
.....>.####'####.#
.##....#5≈...≈5#..!#
.###.#.#.≈...≈K#....#
.#
#.#.#.≈≈≈5≈)#.#....
.# #.#.≈≈⌠P≈.#......
.# ...#.≈≈≈≈≈.#....##
.#.#.≈...≈.#.#..#


You could see a kobold demonologist, a red devil (summoned), a crimson imp
(summoned), 2 shadow imps and an ufetubus (summoned).

Vanquished Creatures
  4 orc priests (D:4)
  An iguana (D:4)
  2 worker ants (D:4)
  7 gnolls (D:2)
  4 adders
  A shadow imp (D:4)
  An ooze (D:1)
  4 worms
  3 leopard geckos
  9 orcs
  A ball python (D:4)
  10 bats
  4 giant cockroaches
  7 goblins
  7 hobgoblins
  4 jackals
  7 frilled lizards
  9 kobolds
  9 rats
94 creatures vanquished.

Vanquished Creatures (others)
  4 plants (D:4)
4 creatures vanquished.

Grand Total: 98 creatures vanquished

Notes
Turn   | Place    | Note
-------+----------+-------------------------------------------
     0 | D:1      | Descartes the Deep Elf Conjurer began the quest for the
                  | Orb.
     0 | D:1      | Reached XP level 1. HP: 10/10 MP: 6/6
   231 | D:1      | Reached XP level 2. HP: 15/15 MP: 5/8
   559 | D:1      | Reached XP level 3. HP: 19/19 MP: 0/9
  1088 | D:2      | Reached skill level 5 in Conjurations
  1475 | D:2      | Reached XP level 4. HP: 24/24 MP: 4/11
  2626 | D:2      | Reached XP level 5. HP: 28/28 MP: 4/13
  3933 | D:4      | Reached skill level 1 in Shields
  3933 | D:4      | Reached skill level 6 in Conjurations
  3933 | D:4      | Reached XP level 6. HP: 3/32 MP: 7/14
  4506 | D:4      | Found a transporter.
  4509 | D:4      | Noticed a kobold demonologist
  5044 | D:4      | Noticed a neqoxec
  5057 | D:4      | Gained mutation: Your magical capacity is low. (-10% MP) [a
                  | neqoxec]
  5323 | D:4      | Noticed a chaos spawn
  5347 | D:4      | Noticed a red devil
  5351 | D:4      | Mangled by a red devil

Illustrated notes

Levels and vault maps discovered:
D:1:      onia_arrival_mini_maze_b, layout_rooms, serial_park_tiny_1,
          chequers_hall_statues_wall_a
D:2:      layout_loops_ring
D:3:      layout_rooms, serial_corexii_hall, corexii_hall_statues_u,
          chequers_hall_statues_corner_a
D:4:      gammafunk_wand_slinger, layout_loops_ring,
          hangedman_decor_clover_reticule

Skill      XL: |  1  2  3  4  5 |
---------------+----------------+-----
Stealth        | 3 4 |  4.2
Dodging        | 3 4 |  4.2
Conjurations   | 5 6 |  6.2
Spellcasting   | 4 |  4.8
Shields        | 1 |  1.6

Action                   |  1- 3 |  4- 6 || total
-------------------------+-------+-------++-------
Melee: Spear             |       |    10 ||    10
 Cast: Magic Dart        |    90 |   212 ||   302
Armor: Leather armour    |     1 |    12 ||    13
Dodge: Dodged            |     9 |    52 ||    61
